 Dungeon Crawl Stone Soup version 0.20.1-1-g8b1a95d (webtiles) character file.

144 kae the Skirmisher (level 5, -4/33 HPs)
             Began as a Gargoyle Fighter on Sept 21, 2017.
             Killed from afar by Ijyb (12 damage)
             ... with a wand of acid (?/15)
             ... on level 3 of the Dungeon.
             The game lasted 00:04:01 (3393 turns).

kae the Skirmisher (Gargoyle Fighter)               Turns: 3393, Time: 00:04:01

Health: -4/33      AC:  9    Str: 20    XL:     5   Next: 27%
Magic:  5/5        EV:  7    Int:  8    God:
Gold:   147        SH:  9    Dex: 10    Spells: 4/4 levels left

rFire    . . .     SeeInvis .   o - -3 spear (curse)
rCold    . . .     Gourm    .   c - +0 shield
rNeg     + . .     Faith    .   b - +0 scale mail
rPois    ∞         Spirit   .   l - +1 hat
rElec    +         Reflect  .   (no cloak)
rCorr    .         Harm     .   (no gloves)
MR       .....                  k - +0 pair of boots
Stlth    ..........             g - amulet of inaccuracy (curse)
Regen    0.2/turn               (no ring)
MPRegen  0.1/turn               (no ring)

@: corroded, flying, very slightly contaminated, invisible
A: negative energy resistance 1, electricity resistance, unbreathing,
petrification resistance, rot immunity, AC +4
a: no special abilities


You were on level 3 of the Dungeon.
You were not hungry.

You visited 1 branch of the dungeon, and saw 3 of its levels.

You collected 147 gold pieces.

Inventory:

Hand Weapons
 a - a +0 trident
 o - a cursed -3 spear (weapon)
Armour
 b - a +0 scale mail (worn)
 c - a +0 shield (worn)
 k - a +0 pair of boots (worn)
 l - a +1 hat (worn)
Jewellery
 g - a cursed amulet of inaccuracy (around neck)
 m - a +5 ring of protection {unknown}
Scrolls
 e - a scroll of enchant armour
Comestibles
 f - 3 bread rations
 h - 8 fruits
 j - a meat ration
 p - a royal jelly


   Skills:
 + Level 4.2 Fighting
 * Level 3.5 Polearms
 + Level 4.2 Armour
 - Level 3.2 Shields


You had 4 spell levels left.
You didn't know any spells.

Dungeon Overview and Level Annotations

Branches:
Dungeon (3/15)

Altars:

Annotations:
D:3 Ijyb


Innate Abilities, Weirdness & Mutations

You are resistant to torment.
Your stone body is resilient. (AC +4)
You are immune to poison.
You resist negative energy. (rN+)
You are resistant to electric shocks. (rElec)
You can survive without breathing.
You are immune to petrification.
You are immune to rotting.


Message History

It was a potion of heal wounds.
You feel much better.
Ijyb zaps a wand.
The bolt of acid hits you! The acid corrodes you!
You are splashed with acid!
The acid burns!
* * * LOW HITPOINT WARNING * * *
It is a wand of acid (?/15).
You are too injured to fight recklessly!
You are too injured to fight recklessly!
You are too injured to fight recklessly!
It was a potion of flight.
You feel very buoyant.
You fly up into the air.
Okay, then.
You fade into invisibility!
You are very lightly contaminated with residual magic.
Attack whom?
Press: ? - help, Dir - move target cursor, f - Ijyb
Aim: Ijyb, wearing a leather armour and carrying a wand of acid (?/15) {zapped: 1} You reach to attack!
You hit Ijyb but do no damage.
Ijyb zaps a wand.
The bolt of acid hits you!
You die...

##.. #.. ########.>
#...#..... #.........
#.........
##########.........
#..................
#########.@.g.....<........
#.....................#####
#.....................#####
#..........................
#[.........################
#..........# #.## #...
#.......)..# #..# #.##
##########.# #..# #.##
#.#######(.####.##


You could see Ijyb.

Vanquished Creatures
  Natasha (D:3)
  Robin (D:2)
  3 adders (D:2)
  4 worms (D:2)
  2 dart slugs (D:1)
  2 leopard geckos
  2 giant cockroaches
  13 goblins
  8 hobgoblins
  5 jackals
  6 kobolds (D:1)
  2 quokkas
  4 bats (D:1)
  4 frilled lizards
  6 rats
63 creatures vanquished.

Notes
Turn   | Place    | Note
-------+----------+-------------------------------------------
     0 | D:1      | kae the Gargoyle Fighter began the quest for the Orb.
     0 | D:1      | Reached XP level 1. HP: 14/14 MP: 1/1
    78 | D:1      | Reached XP level 2. HP: 13/19 MP: 2/2
   456 | D:1      | Reached XP level 3. HP: 22/23 MP: 3/3
   550 | D:2      | Noticed Robin
   772 | D:2      | Killed Robin
   889 | D:2      | Reached XP level 4. HP: 29/29 MP: 4/4
  2841 | D:3      | Noticed Ijyb
  2996 | D:3      | Noticed Natasha
  3024 | D:3      | Killed Natasha
  3024 | D:3      | Reached XP level 5. HP: 12/33 MP: 5/5
  3393 | D:3      | Killed from afar by Ijyb

Skill      XL: |  1  2  3  4 |
---------------+-------------+-----
Polearms       | 2 3 |  3.5
Armour         | 4 |  4.2
Fighting       | 4 |  4.2
Shields        | |  3.2

Action                   |  1- 3 |  4- 6 || total
-------------------------+-------+-------++-------
Melee: Trident           |   131 |       ||   131
       Spear             |    30 |   498 ||   528
  Use: Scroll            |     3 |     2 ||     5
       Potion            |       |     4 ||     4
  Eat: Chunk             |       |     5 ||     5
       Bread ration      |       |     1 ||     1
Armor: Scale mail        |    97 |   193 ||   290
Dodge: Dodged            |    56 |   118 ||   174
Block: Shield            |    68 |   192 ||   260
